Selects Airborne Battlegroup
Selects Heavy Machine Gun Paradrop
Heavy Machine Gun Paradrop
Heavy Machine Gun Paradrop
Construct Weapon Support Center
Selects Smoke Bombing Run
Selects Paratrooper Squad Paradrop
Heavy Machine Gun Paradrop
Selects Anti-tank Gun Team Paradrop
M3 Armored Personnel Carrier
Heavy Machine Gun Paradrop
Heavy Machine Gun Paradrop
Selects Paradrop Reinforcements
Selects Carpet Bombing Run
Anti-tank Gun Team Paradrop
Heavy Machine Gun Paradrop
M18 Hellcat Tank Destroyer
Anti-tank Gun Team Paradrop
Paratrooper Squad Paradrop
Heavy Machine Gun Paradrop
M18 Hellcat Tank Destroyer
Heavy Machine Gun Paradrop
M18 Hellcat Tank Destroyer
M18 Hellcat Tank Destroyer
Paratrooper Squad Paradrop